 Seeded DCSS version 0.27.1-2-g3b301248ec (webtiles) character file.

Game seed: 15660015337861564047 (custom seed)

1 babuloseo the Shield-Bearer (level 1, 18/18 HPs)
             Began as a Human Fighter on Sept 24, 2021.
             Was a Follower of Sif Muna.
             Quit the game on level 1 of the Dungeon.
             The game lasted 00:00:20 (92 turns).

babuloseo the Shield-Bearer (Human Fighter)           Turns: 92, Time: 00:00:21

Health: 18/18      AC:  6    Str: 16    XL:     1   Next: 22%
Magic:  1/1        EV:  6    Int:  8    God:    Sif Muna [*.....]
Gold:   0          SH:  8    Dex: 12    Spells: 0/0 levels left

rFire    . . .     SeeInvis .   a - +0 long sword
rCold    . . .     Faith    .   c - +0 kite shield
rNeg     . . .     Spirit   .   b - +0 scale mail
rPois    .         Reflect  .   (no helmet)
rElec    .         Harm     .   (no cloak)
rCorr    .         Rampage  .   (no gloves)
Will     .....                  (no boots)
Stlth    ..........             (no amulet)
HPRegen  0.06/turn              (no ring)
MPRegen  0.07/turn              (no ring)

@: no status effects
A: no striking features
a: Renounce Religion, Channel Magic


You were on level 1 of the Dungeon.
You worshipped Sif Muna.
Sif Muna was aware of your devotion.
You visited 1 branch of the dungeon, and saw 1 of its levels.

Inventory:

Hand Weapons
 a - a +0 long sword (weapon)
Armour
 b - a +0 scale mail (worn)
 c - a +0 kite shield (worn)
Potions
 d - a potion of might


   Skills:
 + Level 3.0 Fighting
 + Level 2.0 Long Blades
 + Level 3.0 Armour
 + Level 3.0 Shields


You couldn't memorise any spells.
You didn't know any spells.
Your spell library was empty.

Dungeon Overview and Level Annotations

Branches:
Dungeon (1/15)

Altars:
Sif Muna


Message History

You miss the frilled lizard.
The frilled lizard bites you but does no damage.
You miss the frilled lizard.
The frilled lizard bites you but does no damage. x2
You closely miss the frilled lizard. The frilled lizard bites you.
The frilled lizard closely misses you.
You barely miss the frilled lizard.
The frilled lizard bites you but does no damage.
You closely miss the frilled lizard.
The frilled lizard bites you but does no damage. x2
You slash the frilled lizard!
You kill the frilled lizard!
Found a stone staircase leading down.
Found 15 bolts and 4 gold pieces.
A ball python comes into view.
The ball python hisses angrily.
You see here 4 gold pieces.
You completely miss the ball python.
The ball python bites you but does no damage.
The ball python grabs you. The ball python constricts you.
The ball python bites you but does no damage.
The ball python constricts you.
You hit the ball python.
The ball python is severely wounded.
The ball python bites you. The ball python constricts you.
You block the ball python's attack. The ball python constricts you.
You slash the ball python!
You kill the ball python!
You see here a ball python corpse.
Found a stone staircase leading down.
Found a faded altar of an unknown god.
Found 22 stones.
There is a stone staircase leading down here.
Found 10 gold pieces.
There is a faded altar of an unknown god here.
You cannot tell which god this altar belongs to.
Convert to them anyway?
Sif Muna accepts your prayer! Sif Muna welcomes you!
You can now call upon Sif Muna for magical energy.
Are you sure you want to abandon this character and quit the game? (Confirm with "yes".)

####### ###### #......
#....#
.......#######§@(.#
...........>....§.#
........###.##.##.#
........#...#...$...
#.......#.###....###.#
#.......#. #.##.# #
#.......# .. .#
#.......# ##. .#
#######.# #. .


There were no monsters in sight!

Vanquished Creatures
  A ball python (D:1)
  A frilled lizard (D:1)
2 creatures vanquished.

Notes
Turn   | Place    | Note
-------+----------+-------------------------------------------
     0 | D:1      | babuloseo the Human Fighter began the quest for the Orb.
     0 | D:1      | Reached XP level 1. HP: 18/18 MP: 1/1
    82 | D:1      | Found a faded altar of an unknown god.
    91 | D:1      | Became a worshipper of Sif Muna the Loreminder
    91 | D:1      | Reached * piety under Sif Muna
    92 | D:1      | Quit the game

Illustrated notes

Levels and vault maps discovered:
D:1:      dpeg_arrival_more_subterranean_lakeside_camping, layout_basic,
          ebering_ecumenical_altar_mist, supply_closet_lemuel

Action                   || total
-------------------------++-------
Melee: Long sword        ||    12
Armor: Scale mail        ||    10
Dodge: Dodged            ||     3
Block: Kite shield       ||     2
